 Dungeon Crawl Stone Soup version 0.28-a0-794-gafe8c5f9e9 (webtiles) character file.

Game seed: 17329091769602203313

165 freelancePsychic the Covert (level 5, 0/73 HPs)
             Began as a Gnoll Delver on Nov 5, 2021.
             Was a Follower of Ashenzari.
             Succumbed to a scorpion's poison
             ... on level 3 of the Dungeon.
             The game lasted 00:08:12 (3029 turns).

freelancePsychic the Covert (Gnoll Delver)          Turns: 3029, Time: 00:08:13

Health: 0/73       AC:  3    Str: 13    XL:     5   Next: 46%
Magic:  8/8        EV: 13    Int:  9    God:    Ashenzari [*.....]
Gold:   65         SH:  0    Dex: 13    Spells: 8/8 levels left

rFire   . . .      SeeInvis .   a - +0 falchion "Sibylline Dismay" {Melee, Self} (curse)
rCold   . . .      Faith    .   (no shield)
rNeg    . . .      Spirit   .   b - +0 leather armour
rPois   .          Reflect  .   (no helmet)
rElec   .          Harm     .   (no cloak)
rCorr   .          Rampage  .   (no gloves)
Will    .....                   (no boots)
Stlth   ..........              (no amulet)
HPRegen 0.22/turn               f - ring of the Welkin {Wiz, Range, Bglg} (curse)
MPRegen 0.11/turn               (no ring)

@: berserking, lethally poisoned (0 -> -16), very quick
A: fangs 1, strong nose, distributed training
a: Renounce Religion, Shatter the Chains


You were on level 3 of the Dungeon.
You worshipped Ashenzari.
Ashenzari was aware of your devotion.
You visited 2 branches of the dungeon, and saw 6 of its levels.

You collected 121 gold pieces.
You spent 56 gold pieces at shops.

Inventory:

Hand Weapons
 a - the cursed +0 falchion "Sibylline Dismay" (weapon) {Melee, Self}

   It has a curse which improves the following skills: Melee Combat: Short
   Blades, Long Blades, Axes, Maces & Flails, Polearms, Staves and Unarmed
   Combat.
   Introspection: Fighting and Spellcasting.
 h - a +0 dagger
Missiles
 d - 3 boomerangs (quivered)
Armour
 b - a +0 leather armour (worn)
Jewellery
 f - the cursed ring of the Welkin (left hand) {Wiz, Range, Bglg}
   (You found it on level 1 of the Dungeon)

   [ring of wizardry]

   It improves your spell success rate.
   It has a curse which improves the following skills: Ranged Combat: Slings,
   Bows, Crossbows and Throwing.
   Beguiling: Conjurations, Hexes and Translocations.
 j - a ring of ice
Wands
 g - a wand of digging (3)
Scrolls
 c - a scroll of fog
 e - a scroll of identify {@r1}
Potions
 i - 2 potions of lignification
 k - a potion of haste {@q3}
 m - a potion of might


   Skills:
 + Level 6.7(7.7) Fighting
 + Level 1.5(2.2) Short Blades
 + Level 4.8(5.8) Long Blades
 + Level 1.5(2.2) Axes
 + Level 1.5(2.2) Maces & Flails
 + Level 1.5(2.2) Polearms
 + Level 1.5(2.2) Staves
 + Level 1.5(2.2) Slings
 + Level 1.5(2.2) Bows
 + Level 1.5(2.2) Crossbows
 + Level 1.5(2.2) Throwing
 + Level 1.5 Armour
 + Level 4.8 Dodging
 + Level 9.7 Stealth
 + Level 1.5 Shields
 + Level 1.5(2.2) Unarmed Combat
 + Level 1.5(2.2) Spellcasting
 + Level 1.2(1.9) Conjurations
 + Level 1.2(1.9) Hexes
 + Level 1.2 Summonings
 + Level 1.2 Necromancy
 + Level 1.2(1.9) Translocations
 + Level 1.2 Transmutations
 + Level 1.2 Fire Magic
 + Level 1.2 Ice Magic
 + Level 1.2 Air Magic
 + Level 1.2 Earth Magic
 + Level 1.2 Poison Magic
 + Level 1.7 Invocations
 + Level 1.5 Evocations


You had 8 spell levels left.
You didn't know any spells.
Your spell library contained the following spells:

 Spells                   Type           Power      Damage    Failure   Level
 Portal Projectile        Hex/Tloc       8%         N/A       22%         3
 Call Canine Familiar     Summ           3%         N/A       28%         3
 Leda's Liquefaction      Hex/Erth       1%         N/A       61%         4
 Summon Forest            Summ/Tloc      1%         N/A       91%         5
 Summon Mana Viper        Hex/Summ       3%         N/A       91%         5
 Summon Cactus Giant      Summ           1%         N/A       100%        6


Dungeon Overview and Level Annotations

Branches:
Dungeon (5/15)             Temple (1/1) D:5

Altars:
Ashenzari
Cheibriados
Dithmenos
Fedhas
Gozag
Hepliaklqana
Kikubaaqudgha
Makhleb
Qazlal
Sif Muna
Trog
Wu Jian
Yredelemnul
Zin
The Shining One

Shops:
D:1 (   D:2 !

Annotations:
D:5 Menkaure


Innate Abilities, Weirdness & Mutations

You have very sharp teeth.
Your uncanny sense of smell can sniff out nearby items.
Your experience applies equally to all skills.


Message History

You are too injured to fight recklessly!
You are too injured to fight recklessly!
You are too injured to fight recklessly!
You hit the scorpion but do no damage.
The scorpion is moderately wounded.
The scorpion stings you.
You are poisoned.
The scorpion poisons you!
You barely miss the scorpion. Your bite misses the scorpion.
The scorpion is moderately wounded.
You feel sick. The scorpion completely misses you.
You hit the scorpion.
The scorpion is heavily wounded.
You feel sick. The scorpion stings you.
You are more poisoned.
The scorpion poisons you!
You hit the scorpion but do no damage.
The scorpion is heavily wounded.
You feel very sick. The scorpion misses you.
You hit the scorpion but do no damage.
The scorpion is heavily wounded.
You feel very sick. The scorpion barely misses you. The scorpion misses you.
You hit the scorpion but do no damage.
You bite the scorpion, but do no damage.
The scorpion is heavily wounded.
You feel sick. The scorpion stings you.
* * * LOW HITPOINT WARNING * * *
You are lethally poisoned!
The scorpion poisons you!
You completely miss the scorpion. You bite the scorpion.
The scorpion is heavily wounded.
* * * LOW HITPOINT WARNING * * *
You feel very sick. The scorpion stings you.
* * * LOW HITPOINT WARNING * * *
A red film seems to cover your vision as you go berserk!
You feel yourself moving faster!
You feel mighty!
You die...

#.# ####.. #..... #.....
#.... ##.. .#.# #...
...# #.#s## #..#
#...@###..#
#####....?..#
....#[......#
.............#
.....#..)....#####
.............†...#######
#...........>....'.....#
#.....##...##....#####.#
#................# #.#


You could see a scorpion.

Vanquished Creatures
  An orc priest (D:2)
  An orc wizard (D:2)
  Robin (D:3)
  2 adders (D:3)
  4 dart slugs
  3 orcs
  8 ball pythons
  A bat (D:2)
  5 endoplasms
  2 giant cockroaches
  8 goblins
  4 hobgoblins
  4 jackals (D:1)
  5 quokkas
  5 frilled lizards (D:1)
  8 kobolds
  6 rats
68 creatures vanquished.

Notes
Turn   | Place    | Note
-------+----------+-------------------------------------------
     0 | D:5      | Reached skill level 9 in Stealth
     0 | D:5      | freelancePsychic the Gnoll Delver began the quest for the
                  | Orb.
     0 | D:5      | Reached XP level 1. HP: 23/23 MP: 1/1
    14 | D:5      | Noticed Menkaure
    24 | D:5      | Found a staircase to the Ecumenical Temple.
    37 | Temple   | Entered the Ecumenical Temple
   270 | Temple   | Became a worshipper of Ashenzari the Shackled
   313 | D:4      | Noticed a scorpion
   326 | D:3      | Noticed a scorpion
   361 | D:3      | Found a basalt altar of Yredelemnul.
   699 | D:1      | Reached XP level 2. HP: 29/29 MP: 2/2
   709 | D:1      | Found Yfoiddu's Antique Weapon Emporium.
  1129 | D:1      | Reached XP level 3. HP: 35/35 MP: 3/3
  1578 | D:1      | Reached skill level 1 in Invocations
  2038 | D:2      | Reached skill level 1 in Short Blades
  2038 | D:2      | Reached skill level 1 in Axes
  2038 | D:2      | Reached skill level 1 in Maces & Flails
  2038 | D:2      | Reached skill level 1 in Polearms
  2038 | D:2      | Reached skill level 1 in Staves
  2038 | D:2      | Reached skill level 1 in Slings
  2038 | D:2      | Reached skill level 1 in Bows
  2038 | D:2      | Reached skill level 1 in Crossbows
  2038 | D:2      | Reached skill level 1 in Throwing
  2038 | D:2      | Reached skill level 1 in Armour
  2038 | D:2      | Reached skill level 1 in Shields
  2038 | D:2      | Reached skill level 1 in Unarmed Combat
  2038 | D:2      | Reached skill level 1 in Spellcasting
  2038 | D:2      | Reached skill level 1 in Evocations
  2038 | D:2      | Reached XP level 4. HP: 18/41 MP: 5/5
  2042 | D:2      | Reached skill level 1 in Conjurations
  2042 | D:2      | Reached skill level 1 in Hexes
  2042 | D:2      | Reached skill level 1 in Summonings
  2042 | D:2      | Reached skill level 1 in Necromancy
  2042 | D:2      | Reached skill level 1 in Translocations
  2042 | D:2      | Reached skill level 1 in Transmutations
  2042 | D:2      | Reached skill level 1 in Fire Magic
  2042 | D:2      | Reached skill level 1 in Ice Magic
  2042 | D:2      | Reached skill level 1 in Air Magic
  2042 | D:2      | Reached skill level 1 in Earth Magic
  2042 | D:2      | Reached skill level 1 in Poison Magic
  2534 | D:2      | Found a faded altar of an unknown god.
  2535 | D:2      | Reached * piety under Ashenzari
  2559 | D:2      | Reached XP level 5. HP: 47/49 MP: 8/8
  2719 | D:2      | Found Kuikk's Distillery.
  2756 | D:2      | Bought a potion of might for 56 gold pieces
  2788 | D:3      | Noticed Robin
  2807 | D:3      | Killed Robin
  3028 | D:3      | HP: 2/49 [scorpion (5)]
  3029 | D:3      | Succumbed to a scorpion's poison

Illustrated notes

Levels and vault maps discovered:
D:1:      dpeg_arrival_circle_labyrinth_c, layout_basic, serial_shops, shop
D:2:      cheibrodos_pilgrimage, layout_basic, serial_shops, shop,
          dreamdust_ecumenical_altar_angels_and_demons, minmay_liquid_box
D:3:      layout_basic, overflow_temple_1_default,
          corexii_item_surrounded_by_moat, kennysheep_another_room, uniq_robin
D:4:      layout_cave_pods, nicolae_shop_firing_range
D:5:      layout_rooms, minmay_temple_entry_offerings,
          chequers_serial_rivers_micro_b, uniq_menkaure
Temple:   eino_temple_water

Skill      XL: |  1  2  3  4 |
---------------+-------------+-----
Stealth        | |  9.7
Invocations    | 1 |  1.7
Short Blades   | 1 |  1.5
Axes           | 1 |  1.5
Maces & Flails | 1 |  1.5
Polearms       | 1 |  1.5
Staves         | 1 |  1.5
Slings         | 1 |  1.5
Bows           | 1 |  1.5
Crossbows      | 1 |  1.5
Throwing       | 1 |  1.5
Armour         | 1 |  1.5
Shields        | 1 |  1.5
Unarmed Combat | 1 |  1.5
Spellcasting   | 1 |  1.5
Evocations     | 1 |  1.5
Conjurations   | 1 |  1.2
Hexes          | 1 |  1.2
Summonings     | 1 |  1.2
Necromancy     | 1 |  1.2
Translocations | 1 |  1.2
Transmutations | 1 |  1.2
Fire Magic     | 1 |  1.2
Ice Magic      | 1 |  1.2
Air Magic      | 1 |  1.2
Earth Magic    | 1 |  1.2
Poison Magic   | 1 |  1.2
Fighting       | |  6.7
Long Blades    | |  4.8
Dodging        | |  4.8

Action                   |  1- 3 |  4- 6 || total
-------------------------+-------+-------++-------
Melee: Falchion          |    82 |    89 ||   171
       Dagger            |    12 |       ||    12
       Bite              |     7 |    10 ||    17
       Punch             |     1 |     1 ||     2
Throw: Boomerang         |     5 |     3 ||     8
Invok: Curse Item        |     1 |     1 ||     2
  Use: Scroll            |     3 |     2 ||     5
       Potion            |     1 |     1 ||     2
 Stab: Sleeping          |    18 |     6 ||    24
Armor: Leather armour    |    10 |    15 ||    25
Dodge: Dodged            |    50 |    51 ||   101

Table legend: (Time is in decaauts)
 A = Elapsed time spent in this place.
 B = Non-inter-level travel time spent in this place.
 C = Inter-level travel time spent in this place.
 D = Time resting spent in this place.
 E = Time spent auto-exploring this place.
 F = Levels seen in this place.
 G = Mean time per level.
                   A        B        C        D        E       F      G
               +--------+--------+--------+--------+--------+-----+--------+
         Total |   3031 |   2953 |     78 |     25 |   2204 |   6 |  505.2 |
       Dungeon |   2788 |   2742 |     46 |     25 |   2005 |   5 |  557.6 |
        Temple |    243 |    211 |     32 |      0 |    199 |   1 |  243.0 |
               +--------+--------+--------+--------+--------+-----+--------+

Top non-repeatable levels by time:
     D:1: 1377 daAuts
     D:2: 1032 daAuts
     D:3: 297 daAuts
  Temple: 243 daAuts
     D:5: 54 daAuts
     D:4: 27 daAuts
